Thunder vs Sasquatch
Created - November 24, 2018 at 19:47
Goals
|
| Thunder |
1 |
1 |
2 |
4 |
| Sasquatch |
3 |
2 |
2 |
7 |
|
Shots
|
| Thunder |
12 |
10 |
14 |
36 |
| Sasquatch |
7 |
16 |
19 |
42 |
|
1st period
1. Sasquatch , Melker Karlsson 5 (Matt Halischuk 14, Martin Marincin 8) at 1:14
2. Sasquatch , Melker Karlsson 6 (Matt Halischuk 15) at 6:40
3. Sasquatch , Jesper Fast 7 (Drew Shore 15, Jeff Skinner 10) at 8:46
4. Thunder , Joey Ryan 2 (Trevor Lewis 7, Dany Roussin 6) at 13:48 (PP)
Penalties :
Matt Halischuk (Gat) for Roughing (Minor) at 9:29, Brett Pesce (Gat) for Interference (Minor) at 13:04, Joey Ryan (TRO) for Slashing (Minor) at 19:01
2nd period
5. Sasquatch , Brock Trotter 7 (Devin Shore 3, Petr Straka 6) at 2:37
6. Sasquatch , Melker Karlsson 7 (Matt Halischuk 16) at 5:53
7. Thunder , Scott Parse 12 (Daultan Leveillé 17) at 17:33
Penalties :
Brock Trotter (Gat) for Interference (Minor) at 19:31
3rd period
8. Thunder , Scott Parse 13 (Thomas Spelling 4) at 1:14 (PP)
9. Thunder , Scott Parse 14 (Zach Redmond 9) at 7:34 (SH)
10. Sasquatch , Jeff Skinner 7 (Drew Shore 16, Patrick Wey 5) at 16:28
11. Sasquatch , T.J. Tynan 1 (Sven Andrighetto 2, Slava Voynov 10) at 18:59
Penalties :
Drew Shore (Gat) for Hooking (Minor) at 0:09, Daultan Leveillé (TRO) for Tripping (Minor) at 5:11, Trevor Lewis (TRO) for Hooking (Minor) at 7:28, T.J. Tynan (Gat) for Interference (Minor) at 9:41
Goalie Stats
Devan Dubnyk (TRO), 6 saves from 10 shots - (0.600), 22:37 minutes
Niklas Treutle (TRO), 29 saves from 32 shots - (0.906), L, 3-1-1, 37:23 minutes
Corey Crawford (Gat), 32 saves from 36 shots - (0.889), W, 7-5-1, 60:00 minutes
Players Stats for Thunder
Player Name G A P +/- PIM S H SB GA TA FO MP PP MP PK MP
------------------------------------------------------------------------------------
Adam Clendening 0 0 0 -3 0 1 1 0 0 2 0/0 19:35 2:18 1:55
Austin Wuthrich 0 0 0 0 0 1 1 0 0 0 0/1 12:03 0:00 0:00
Dany Roussin 0 1 1 -1 0 2 0 0 2 0 0/0 19:35 3:11 1:51
Daultan Leveillé 0 1 1 -1 2 2 1 1 0 0 15/38 21:02 4:08 2:52
David Wolf 0 0 0 0 0 1 1 0 2 0 0/0 13:55 0:00 1:56
Duncan Siemens 0 0 0 0 0 0 1 0 0 2 0/0 10:30 0:00 0:00
Eric Karlsson 0 0 0 0 0 0 0 0 0 0 0/0 1:09 0:00 0:00
Gianluca Curcuruto 0 0 0 -1 0 0 0 0 0 0 0/0 4:01 0:00 0:00
Jamie McGinn 0 0 0 -3 0 1 2 0 0 1 0/0 6:05 0:00 0:00
Jared Staal 0 0 0 -1 0 3 1 1 1 0 1/2 17:39 3:11 0:00
Joe Labate 0 0 0 0 0 3 0 0 0 0 3/6 12:29 0:00 0:26
Joey Ryan 1 0 1 -2 2 3 2 4 0 1 0/0 28:45 5:01 2:53
Mikko Vainonen 0 0 0 0 0 0 0 1 0 0 0/0 11:40 0:00 1:09
Nikolay Prokhorkin 0 0 0 0 0 0 0 0 0 0 0/0 0:00 0:00 0:00
Peter Andersson 0 0 0 -3 0 1 0 0 0 1 0/0 19:35 2:18 1:55
Scott Parse 3 0 3 -4 0 8 1 1 0 0 7/11 27:03 4:08 3:47
Thomas Spelling 0 1 1 -2 0 2 0 1 1 1 0/2 18:10 4:08 0:00
Trevor Lewis 0 1 1 -1 2 6 2 0 0 0 4/11 18:07 3:11 0:24
Zach Redmond 0 1 1 -1 0 2 1 3 0 1 0/0 25:54 5:01 4:02
Zach Stepan 0 0 0 -3 0 0 0 1 0 0 1/4 6:43 0:00 0:38
Players Stats for Sasquatch
Player Name G A P +/- PIM S H SB GA TA FO MP PP MP PK MP
------------------------------------------------------------------------------------
Andrew Campbell 0 0 0 2 0 0 0 0 0 0 0/0 10:26 0:00 0:00
Brett Pesce 0 0 0 2 2 0 0 0 0 0 0/0 10:25 0:00 0:00
Brock Trotter 1 0 1 1 2 4 2 0 1 0 0/0 14:01 2:24 0:49
Devin Shore 0 1 1 1 0 0 1 1 0 0 6/12 13:18 0:00 3:16
Dougie Hamilton 0 0 0 2 0 2 3 2 2 0 0/0 30:10 3:57 5:25
Drew Shore 0 2 2 1 2 5 4 1 1 3 21/38 23:38 3:27 3:16
Jeff Skinner 1 1 2 1 0 2 3 1 0 0 1/1 19:42 3:27 0:00
Jesper Fast 1 0 1 2 0 5 1 1 1 1 0/1 19:00 2:24 0:00
Martin Marincin 0 1 1 1 0 2 2 1 0 0 0/0 19:24 2:00 1:54
Matt Halischuk 0 3 3 1 2 5 0 1 0 0 1/1 15:47 3:27 0:00
Melker Karlsson 3 0 3 2 0 5 4 0 1 0 11/15 15:26 2:24 0:20
Nicolas Deslauriers 0 0 0 1 0 4 2 0 0 0 2/2 10:58 0:00 4:06
Patrick Wey 0 1 1 2 0 2 0 3 0 0 0/0 30:10 3:57 5:25
Petr Straka 0 1 1 1 0 2 1 0 0 0 0/0 10:07 0:06 0:00
Slava Voynov 0 1 1 1 0 0 0 0 3 1 0/0 19:24 2:00 1:54
Sven Andrighetto 0 1 1 1 0 1 0 0 0 0 0/0 6:52 0:00 0:00
T.J. Tynan 1 0 1 1 2 2 0 1 0 0 2/5 8:42 0:06 0:38
Teemu Hartikainen 0 0 0 2 0 1 2 0 0 1 0/0 14:01 0:06 1:07
3 Stars
1 - Melker Karlsson (Gat)
2 - Jeff Skinner (Gat)
3 - Jesper Fast (Gat)
Power Play
Thunder - 2 on 5 Attempt(s) - 40.00%
Sasquatch - 0 on 3 Attempt(s) - 0.00%
Penalty Kill
Thunder - 3 on 3 Attempt(s) - 100.00%
- Score 1 goal in Penalty Kill
Sasquatch - 3 on 5 Attempt(s) - 60.00%
- Score 0 goal in Penalty Kill
Team Stat
Thunder - Hits : 14 - Faceoff Wins : 31 - Blocked Shots : 13 - Penalty Minutes : 6
Sasquatch - Hits : 25 - Faceoff Wins : 44 - Blocked Shots : 12 - Penalty Minutes : 10
Official
Referees : Unknown
Linesman : Unknown
Game Notes
Niklas Treutle enters game at 2:37 of 2nd period
Melker Karlsson has scored a Hat Trick!
Scott Parse has scored a Hat Trick!
Finance
Level 1 -- Attendance: 1580 (79.00%) -- Ticket Income $63,200
Level 2 -- Attendance: 724 (72.40%) -- Ticket Income $14,480
Total Attendance: 2304 (76.80%)
Total Ticket Income: $77,680
Other Income: $3,884
Total Income: $81,564
Thunder
5 vs 5 Forward
Center Left Wing Right Wing Time % Phy DF OF
1 Daultan Leveillé Scott Parse Thomas Spelling 40 1 2 2
2 Trevor Lewis Dany Roussin Jared Staal 30 1 2 2
3 Joe Labate David Wolf Austin Wuthrich 20 1 2 2
4 Zach Stepan Jamie McGinn Scott Parse 10 1 2 2
5 vs 5 Defense
Defense Defense Time % Phy DF OF
1 Joey Ryan Zach Redmond 40 1 2 2
2 Peter Andersson Adam Clendening 30 1 2 2
3 Duncan Siemens Mikko Vainonen 20 1 2 2
4 Gianluca Curcuruto Joey Ryan 10 1 2 2
PowerPlay Forward
Center Left Wing Right Wing Time % Phy DF OF
1 Daultan Leveillé Scott Parse Thomas Spelling 60 1 2 2
2 Trevor Lewis Dany Roussin Jared Staal 40 1 2 2
PowerPlay Defense
Defense Defense Time % Phy DF OF
1 Joey Ryan Zach Redmond 60 1 2 2
2 Peter Andersson Adam Clendening 40 1 2 2
Penalty Kill 4 Players Forward
Center Wing Time % Phy DF OF
1 Scott Parse Daultan Leveillé 60 1 2 2
2 Dany Roussin Trevor Lewis 40 1 2 2
Penalty Kill 4 Players Defense
Defense Defense Time % Phy DF OF
1 Joey Ryan Zach Redmond 60 1 2 2
2 Peter Andersson Adam Clendening 40 1 2 2
Penalty Kill - 3 Players Forward
Forward Time % Phy DF OF
1 Scott Parse 60 1 2 2
2 Daultan Leveillé 40 1 2 2
Penalty Kill - 3 Players Defense
Defense Defense Time % Phy DF OF
1 Joey Ryan Zach Redmond 60 1 2 2
2 Peter Andersson Adam Clendening 40 1 2 2
4 vs 4 Forward
Center Wing Time % Phy DF OF
1 Scott Parse Daultan Leveillé 60 1 2 2
2 Dany Roussin Trevor Lewis 40 1 2 2
4 vs 4 Defense
Defense Defense Time % Phy DF OF
1 Joey Ryan Zach Redmond 60 1 2 2
2 Peter Andersson Adam Clendening 40 1 2 2
Last Minutes Offensive
Center Left Wing Right Wing Defense Defense
Daultan Leveillé Scott Parse Thomas Spelling Joey Ryan Zach Redmond
Last Minutes Defensive
Center Left Wing Right Wing Defense Defense
Daultan Leveillé Scott Parse Thomas Spelling Joey Ryan Zach Redmond
Goaltenders
Starting : Devan Dubnyk
Backup : Niklas Treutle
Extra Forwards
Normal : Eric Karlsson, Nikolay Prokhorkin, David Wolf - PP : Eric Karlsson, Nikolay Prokhorkin - PK : David Wolf
Extra Defensemen
Normal : Duncan Siemens, Mikko Vainonen, Gianluca Curcuruto - PP : Duncan Siemens - PK : Mikko Vainonen, Gianluca Curcuruto
Penalty Shots
Scott Parse, Daultan Leveillé, Dany Roussin, Trevor Lewis, David Wolf
Scratches
Ryan Nugent-Hopkins (Sprained Left Ankle Injury)
Sasquatch
5 vs 5 Forward
Center Left Wing Right Wing Time % Phy DF OF
1 Drew Shore Jeff Skinner Jesper Fast 40 1 2 2
2 Melker Karlsson Teemu Hartikainen Matt Halischuk 30 1 2 2
3 Devin Shore Brock Trotter Petr Straka 20 1 2 2
4 T.J. Tynan Nicolas Deslauriers Sven Andrighetto 10 1 2 2
5 vs 5 Defense
Defense Defense Time % Phy DF OF
1 Patrick Wey Dougie Hamilton 40 1 2 2
2 Martin Marincin Slava Voynov 30 1 2 2
3 Brett Pesce Andrew Campbell 20 1 2 2
4 Patrick Wey Dougie Hamilton 10 1 2 2
PowerPlay Forward
Center Left Wing Right Wing Time % Phy DF OF
1 Drew Shore Jeff Skinner Matt Halischuk 60 1 2 2
2 Melker Karlsson Brock Trotter Jesper Fast 40 1 2 2
PowerPlay Defense
Defense Defense Time % Phy DF OF
1 Patrick Wey Dougie Hamilton 60 1 2 2
2 Martin Marincin Slava Voynov 40 1 2 2
Penalty Kill 4 Players Forward
Center Wing Time % Phy DF OF
1 Drew Shore Nicolas Deslauriers 60 1 2 2
2 T.J. Tynan Teemu Hartikainen 40 1 2 2
Penalty Kill 4 Players Defense
Defense Defense Time % Phy DF OF
1 Patrick Wey Dougie Hamilton 60 1 2 2
2 Martin Marincin Slava Voynov 40 1 2 2
Penalty Kill - 3 Players Forward
Forward Time % Phy DF OF
1 Drew Shore 60 1 2 2
2 Melker Karlsson 40 1 2 2
Penalty Kill - 3 Players Defense
Defense Defense Time % Phy DF OF
1 Patrick Wey Dougie Hamilton 60 1 2 2
2 Martin Marincin Slava Voynov 40 1 2 2
4 vs 4 Forward
Center Wing Time % Phy DF OF
1 Drew Shore Jeff Skinner 60 1 2 2
2 Matt Halischuk Brock Trotter 40 1 2 2
4 vs 4 Defense
Defense Defense Time % Phy DF OF
1 Patrick Wey Dougie Hamilton 60 1 2 2
2 Martin Marincin Slava Voynov 40 1 2 2
Last Minutes Offensive
Center Left Wing Right Wing Defense Defense
Drew Shore Jeff Skinner Jesper Fast Patrick Wey Dougie Hamilton
Last Minutes Defensive
Center Left Wing Right Wing Defense Defense
Drew Shore Jeff Skinner Jesper Fast Patrick Wey Dougie Hamilton
Goaltenders
Starting : Corey Crawford
Backup : Joonas Korpisalo
Extra Forwards
Normal : T.J. Tynan, Teemu Hartikainen, Devin Shore - PP : T.J. Tynan, Teemu Hartikainen - PK : Devin Shore
Extra Defensemen
Normal : Brett Pesce, Andrew Campbell, Martin Marincin - PP : Brett Pesce - PK : Andrew Campbell, Martin Marincin
Penalty Shots
Jeff Skinner, Melker Karlsson, Devin Shore, Petr Straka, Matt Halischuk
Scratches
Sergey Kalinin (Chest/Ribs Injury), Ty Rattie (Healthy), Ryan Pulock (Healthy), Joey Laleggia (Healthy), Cal Petersen (Healthy)
% Time on Ice - Thunder
Lines # - Real PCT - Wanted PCT - Time Play
Normal Forward
1 - 30% - 40% - 14:03
2 - 31% - 30% - 14:33
3 - 26% - 20% - 12:03
4 - 13% - 10% - 6:05
Normal Defense
1 - 36% - 40% - 16:51
2 - 33% - 30% - 15:22
3 - 22% - 20% - 10:30
4 - 9% - 10% - 4:01
PP Forward
1 - 56% - 60% - 4:08
2 - 44% - 40% - 3:11
PP Defense
1 - 69% - 60% - 5:01
2 - 31% - 40% - 2:18
PK Forward
1 - 82% - 60% - 4:51
2 - 18% - 40% - 1:06
PK Defense
1 - 68% - 60% - 4:02
2 - 32% - 40% - 1:55
PK3 Forward
1 - 0% - 60%
2 - 0% - 40%
PK3 Defense
1 - 0% - 60%
2 - 0% - 40%
44 Forward
1 - 0% - 60%
2 - 0% - 40%
44 Defense
1 - 0% - 60%
2 - 0% - 40%
Last Minute Offensive - 0:00
Last Minute Defensive - 0:00
Total
Forward - 60:00
Defense - 60:00
|
% Time on Ice - Sasquatch
Lines # - Real PCT - Wanted PCT - Time Play
Normal Forward
1 - 37% - 40% - 17:08
2 - 28% - 30% - 12:56
3 - 21% - 20% - 9:48
4 - 15% - 10% - 6:52
Normal Defense
1 - 39% - 40% - 18:12
2 - 33% - 30% - 15:30
3 - 22% - 20% - 10:26
4 - 6% - 10% - 2:36
PP Forward
1 - 60% - 60% - 3:33
2 - 40% - 40% - 2:24
PP Defense
1 - 66% - 60% - 3:57
2 - 34% - 40% - 2:00
PK Forward
1 - 82% - 60% - 5:07
2 - 18% - 40% - 1:07
PK Defense
1 - 73% - 60% - 4:32
2 - 27% - 40% - 1:42
PK3 Forward
1 - 100% - 60% - 1:05
2 - 0% - 40% - 0:00
PK3 Defense
1 - 82% - 60% - 0:53
2 - 18% - 40% - 0:12
44 Forward
1 - 0% - 60%
2 - 0% - 40%
44 Defense
1 - 0% - 60%
2 - 0% - 40%
Last Minute Offensive - 0:00
Last Minute Defensive - 0:00
Total
Forward - 60:00
Defense - 60:00
|
Play by Play
1st period
0:01 of 1st period - Drew Shore wins face-off versus Daultan Leveillé in neutral zone.
0:36 of 1st period - Snap shot by Trevor Lewis.
0:36 of 1st period - Stopped by Corey Crawford without a rebound.
0:37 of 1st period - Joe Labate wins face-off versus Devin Shore in Sasquatch zone.
1:03 of 1st period - Zach Stepan is hit by Melker Karlsson and loses puck.
1:14 of 1st period - Snap shot by Melker Karlsson.
1:14 of 1st period - Goal by Melker Karlsson - Thunder : 0 - Sasquatch : 1.
1:15 of 1st period - Daultan Leveillé wins face-off versus T.J. Tynan in neutral zone.
1:18 of 1st period - Snap shot by Scott Parse.
1:18 of 1st period - Shot Blocked by Dougie Hamilton.
2:16 of 1st period - Jesper Fast is hit by Trevor Lewis and loses puck.
2:35 of 1st period - Wrist shot by Matt Halischuk.
2:35 of 1st period - Stopped by Devan Dubnyk with a rebound.
2:37 of 1st period - Snap shot by Matt Halischuk.
2:37 of 1st period - Stopped by Devan Dubnyk with a rebound.
3:31 of 1st period - Slava Voynov is hit by Jared Staal and loses puck.
4:50 of 1st period - Joey Ryan is hit by Petr Straka and loses puck.
5:38 of 1st period - Joe Labate is hit by Drew Shore.
6:00 of 1st period - Slava Voynov is hit by Duncan Siemens and loses puck.
6:24 of 1st period - Icing by Martin Marincin.
6:25 of 1st period - Melker Karlsson wins face-off versus Daultan Leveillé in Sasquatch zone.
6:40 of 1st period - Snap shot by Melker Karlsson.
6:40 of 1st period - Goal by Melker Karlsson - Thunder : 0 - Sasquatch : 2.
6:41 of 1st period - Drew Shore wins face-off versus Daultan Leveillé in neutral zone.
6:46 of 1st period - Daultan Leveillé is hit by Jeff Skinner and loses puck.
6:57 of 1st period - Wrist shot by Scott Parse.
6:57 of 1st period - Shot Hit the Post.
7:07 of 1st period - Trevor Lewis is hit by Teemu Hartikainen.
7:29 of 1st period - Wrist shot by Joe Labate.
7:29 of 1st period - Shot Blocked by Patrick Wey.
7:34 of 1st period - Off-side.
7:35 of 1st period - Drew Shore wins face-off versus Daultan Leveillé in neutral zone.
8:26 of 1st period - Wrist shot by David Wolf.
8:26 of 1st period - Deflect By Joe Labate.
8:26 of 1st period - Stopped by Corey Crawford without a rebound.
8:27 of 1st period - Drew Shore wins face-off versus Austin Wuthrich in Sasquatch zone.
8:32 of 1st period - Wrist shot by Drew Shore.
8:32 of 1st period - Shot Misses the Net.
8:34 of 1st period - Wrist shot by Drew Shore.
8:34 of 1st period - Stopped by Devan Dubnyk without a rebound.
8:35 of 1st period - Drew Shore wins face-off versus Daultan Leveillé in Thunder zone.
8:46 of 1st period - Wrist shot by Jesper Fast.
8:46 of 1st period - Goal by Jesper Fast - Thunder : 0 - Sasquatch : 3.
8:47 of 1st period - Daultan Leveillé wins face-off versus Drew Shore in neutral zone.
8:50 of 1st period - Wrist shot by Daultan Leveillé.
8:50 of 1st period - Stopped by Corey Crawford without a rebound.
8:51 of 1st period - Daultan Leveillé wins face-off versus Drew Shore in Sasquatch zone.
9:04 of 1st period - Wrist shot by Scott Parse.
9:04 of 1st period - Stopped by Corey Crawford with a rebound.
9:06 of 1st period - Slapshot by Joey Ryan.
9:06 of 1st period - Stopped by Corey Crawford with a rebound.
9:29 of 1st period - Minor Penalty to Matt Halischuk for Roughing.
9:30 of 1st period - Drew Shore wins face-off versus Daultan Leveillé in Sasquatch zone.
9:34 of 1st period - Slapshot by Daultan Leveillé.
9:34 of 1st period - Deflect By Scott Parse.
9:34 of 1st period - Stopped by Corey Crawford without a rebound.
9:35 of 1st period - Drew Shore wins face-off versus Daultan Leveillé in Sasquatch zone.
10:04 of 1st period - Joey Ryan is hit by Drew Shore and loses puck.
11:15 of 1st period - Joey Ryan is hit by Brock Trotter and loses puck.
11:29 of 1st period - Penalty to Matt Halischuk is over, Matt Halischuk is back on ice.
11:34 of 1st period - Andrew Campbell is hit by Scott Parse and loses puck.
11:59 of 1st period - Slapshot by Nicolas Deslauriers.
11:59 of 1st period - Shot Misses the Net.
12:01 of 1st period - Slapshot by Sven Andrighetto.
12:01 of 1st period - Stopped by Devan Dubnyk with a rebound.
13:04 of 1st period - Minor Penalty to Brett Pesce for Interference.
13:05 of 1st period - Nicolas Deslauriers wins face-off versus Daultan Leveillé in Sasquatch zone.
13:16 of 1st period - Snap shot by Thomas Spelling.
13:16 of 1st period - Stopped by Corey Crawford without a rebound.
13:17 of 1st period - Daultan Leveillé wins face-off versus Drew Shore in Sasquatch zone.
13:22 of 1st period - Wrist shot by Scott Parse.
13:22 of 1st period - Shot Hit the Post.
13:33 of 1st period - Slapshot by Zach Redmond.
13:33 of 1st period - Stopped by Corey Crawford without a rebound.
13:34 of 1st period - Nicolas Deslauriers wins face-off versus Trevor Lewis in Sasquatch zone.
13:48 of 1st period - Slapshot by Joey Ryan.
13:48 of 1st period - Goal by Joey Ryan - Thunder : 1 - Sasquatch : 3.
13:49 of 1st period - Drew Shore wins face-off versus Daultan Leveillé in neutral zone.
15:05 of 1st period - Off-side.
15:06 of 1st period - Daultan Leveillé wins face-off versus Melker Karlsson in neutral zone.
15:31 of 1st period - Zach Redmond is hit by Drew Shore and loses puck.
15:37 of 1st period - Icing by Zach Redmond.
15:38 of 1st period - Jared Staal wins face-off versus Jesper Fast in Thunder zone.
15:38 of 1st period - Jared Staal is hit by Drew Shore.
15:56 of 1st period - Jesper Fast is hit by Joey Ryan and loses puck.
16:21 of 1st period - Wrist shot by Dany Roussin.
16:21 of 1st period - Shot Misses the Net.
16:35 of 1st period - Snap shot by Trevor Lewis.
16:35 of 1st period - Deflect By Dany Roussin.
16:35 of 1st period - Stopped by Corey Crawford with a rebound.
16:37 of 1st period - Slapshot by Joey Ryan.
16:37 of 1st period - Deflect By Slava Voynov.
16:37 of 1st period - Stopped by Corey Crawford without a rebound.
16:38 of 1st period - Melker Karlsson wins face-off versus Daultan Leveillé in Sasquatch zone.
16:43 of 1st period - Adam Clendening is hit by Teemu Hartikainen and loses puck.
16:52 of 1st period - Snap shot by Thomas Spelling.
16:52 of 1st period - Stopped by Corey Crawford with a rebound.
17:08 of 1st period - Off-side.
17:09 of 1st period - Devin Shore wins face-off versus Joe Labate in neutral zone.
18:35 of 1st period - Snap shot by Petr Straka.
18:35 of 1st period - Shot Misses the Net.
19:01 of 1st period - Minor Penalty to Joey Ryan for Slashing.
19:02 of 1st period - Scott Parse wins face-off versus Drew Shore in Thunder zone.
19:07 of 1st period - Wrist shot by Jeff Skinner.
19:07 of 1st period - Deflect By Scott Parse.
19:07 of 1st period - Shot Blocked by Daultan Leveillé.
19:07 of 1st period - Puck is out of play.
19:08 of 1st period - Scott Parse wins face-off versus Drew Shore in Thunder zone.
Goals for this period are 1 for Thunder vs 3 for Sasquatch.
Shots for this period are 12 for Thunder vs 7 for Sasquatch.
2nd period
0:01 of 2nd period - Drew Shore wins face-off versus Scott Parse in neutral zone.
0:43 of 2nd period - Snap shot by Trevor Lewis.
0:43 of 2nd period - Stopped by Corey Crawford without a rebound.
0:44 of 2nd period - Melker Karlsson wins face-off versus Scott Parse in Sasquatch zone.
0:56 of 2nd period - Snap shot by Melker Karlsson.
0:56 of 2nd period - Shot Misses the Net.
0:58 of 2nd period - Snap shot by Jesper Fast.
0:58 of 2nd period - Stopped by Devan Dubnyk without a rebound.
0:59 of 2nd period - Scott Parse wins face-off versus Melker Karlsson in Thunder zone.
1:01 of 2nd period - Penalty to Joey Ryan is over, Joey Ryan is back on ice.
1:14 of 2nd period - Wrist shot by Brock Trotter.
1:14 of 2nd period - Stopped by Devan Dubnyk with a rebound.
1:35 of 2nd period - Snap shot by Joe Labate.
1:35 of 2nd period - Stopped by Corey Crawford with a rebound.
1:37 of 2nd period - Slapshot by Adam Clendening.
1:37 of 2nd period - Deflect By Slava Voynov.
1:37 of 2nd period - Stopped by Corey Crawford with a rebound.
2:05 of 2nd period - Teemu Hartikainen is hit by Joey Ryan and loses puck.
2:16 of 2nd period - Duncan Siemens is hit by Melker Karlsson and loses puck.
2:37 of 2nd period - Wrist shot by Brock Trotter.
2:37 of 2nd period - Goal by Brock Trotter - Thunder : 1 - Sasquatch : 4.
2:37 of 2nd period - Niklas Treutle enters game.
2:38 of 2nd period - Drew Shore wins face-off versus Daultan Leveillé in neutral zone.
2:38 of 2nd period - Drew Shore is hit by Daultan Leveillé.
3:28 of 2nd period - Snap shot by Jesper Fast.
3:28 of 2nd period - Shot Blocked by Zach Redmond.
3:41 of 2nd period - Off-side.
3:42 of 2nd period - Melker Karlsson wins face-off versus Daultan Leveillé in neutral zone.
3:47 of 2nd period - Wrist shot by Teemu Hartikainen.
3:47 of 2nd period - Shot Misses the Net.
3:49 of 2nd period - Snap shot by Patrick Wey.
3:49 of 2nd period - Stopped by Niklas Treutle without a rebound.
3:50 of 2nd period - Melker Karlsson wins face-off versus Daultan Leveillé in Thunder zone.
3:55 of 2nd period - Snap shot by Matt Halischuk.
3:55 of 2nd period - Stopped by Niklas Treutle with a rebound.
3:57 of 2nd period - Slapshot by Teemu Hartikainen.
3:57 of 2nd period - Stopped by Niklas Treutle with a rebound.
3:59 of 2nd period - Slapshot by Dougie Hamilton.
3:59 of 2nd period - Stopped by Niklas Treutle without a rebound.
4:00 of 2nd period - Daultan Leveillé wins face-off versus Devin Shore in Thunder zone.
4:29 of 2nd period - Off-side.
4:30 of 2nd period - Drew Shore wins face-off versus Trevor Lewis in neutral zone.
4:38 of 2nd period - Icing by Zach Redmond.
4:39 of 2nd period - Drew Shore wins face-off versus Trevor Lewis in Thunder zone.
4:42 of 2nd period - Backhand shot by Jesper Fast.
4:42 of 2nd period - Stopped by Niklas Treutle without a rebound.
4:43 of 2nd period - Daultan Leveillé wins face-off versus Drew Shore in Thunder zone.
5:45 of 2nd period - Wrist shot by Drew Shore.
5:45 of 2nd period - Shot Blocked by Scott Parse.
5:47 of 2nd period - Slapshot by Dougie Hamilton.
5:47 of 2nd period - Stopped by Niklas Treutle with a rebound.
5:49 of 2nd period - Snap shot by Jeff Skinner.
5:49 of 2nd period - Shot Misses the Net.
5:51 of 2nd period - Wrist shot by Drew Shore.
5:51 of 2nd period - Deflect By Jesper Fast.
5:51 of 2nd period - Shot Blocked by Joey Ryan.
5:51 of 2nd period - Puck is out of play.
5:52 of 2nd period - Matt Halischuk wins face-off versus Jared Staal in Thunder zone.
5:53 of 2nd period - Backhand shot by Melker Karlsson.
5:53 of 2nd period - Goal by Melker Karlsson - Thunder : 1 - Sasquatch : 5.
5:54 of 2nd period - Melker Karlsson wins face-off versus Trevor Lewis in neutral zone.
6:03 of 2nd period - Snap shot by Melker Karlsson.
6:03 of 2nd period - Shot Hit the Post.
6:25 of 2nd period - Slapshot by David Wolf.
6:25 of 2nd period - Shot Blocked by Martin Marincin.
8:06 of 2nd period - Adam Clendening is hit by Nicolas Deslauriers and loses puck.
8:36 of 2nd period - Snap shot by Jesper Fast.
8:36 of 2nd period - Deflect By Jeff Skinner.
8:36 of 2nd period - Shot Misses the Net.
8:36 of 2nd period - Puck is out of play.
8:37 of 2nd period - Melker Karlsson wins face-off versus Daultan Leveillé in Thunder zone.
9:02 of 2nd period - Jeff Skinner is hit by Trevor Lewis and loses puck.
9:58 of 2nd period - Snap shot by Trevor Lewis.
9:58 of 2nd period - Stopped by Corey Crawford with a rebound.
10:00 of 2nd period - Snap shot by Jared Staal.
10:00 of 2nd period - Shot Misses the Net.
10:02 of 2nd period - Snap shot by Dany Roussin.
10:02 of 2nd period - Shot Misses the Net.
10:37 of 2nd period - Snap shot by Petr Straka.
10:37 of 2nd period - Stopped by Niklas Treutle without a rebound.
10:38 of 2nd period - Trevor Lewis wins face-off versus Drew Shore in Thunder zone.
11:03 of 2nd period - Zach Redmond is hit by Devin Shore and loses puck.
11:14 of 2nd period - Wrist shot by Brock Trotter.
11:14 of 2nd period - Stopped by Niklas Treutle without a rebound.
11:15 of 2nd period - Scott Parse wins face-off versus Drew Shore in Thunder zone.
11:27 of 2nd period - Daultan Leveillé is hit by Jesper Fast and loses puck.
11:44 of 2nd period - Slapshot by Drew Shore.
11:44 of 2nd period - Shot Blocked by Mikko Vainonen.
11:46 of 2nd period - Backhand shot by Patrick Wey.
11:46 of 2nd period - Stopped by Niklas Treutle without a rebound.
11:47 of 2nd period - Melker Karlsson wins face-off versus Joe Labate in Thunder zone.
12:22 of 2nd period - Snap shot by Brock Trotter.
12:22 of 2nd period - Shot Blocked by Joey Ryan.
12:43 of 2nd period - Snap shot by Dany Roussin.
12:43 of 2nd period - Shot Misses the Net.
12:45 of 2nd period - Wrist shot by Jared Staal.
12:45 of 2nd period - Stopped by Corey Crawford with a rebound.
12:58 of 2nd period - Peter Andersson is hit by Martin Marincin.
13:10 of 2nd period - Wrist shot by Melker Karlsson.
13:10 of 2nd period - Stopped by Niklas Treutle with a rebound.
13:12 of 2nd period - Snap shot by Matt Halischuk.
13:12 of 2nd period - Shot Misses the Net.
13:38 of 2nd period - Slapshot by Joe Labate.
13:38 of 2nd period - Stopped by Corey Crawford without a rebound.
13:39 of 2nd period - Drew Shore wins face-off versus Daultan Leveillé in Sasquatch zone.
14:38 of 2nd period - Petr Straka is hit by David Wolf and loses puck.
15:22 of 2nd period - Off-side.
15:23 of 2nd period - Joe Labate wins face-off versus Melker Karlsson in neutral zone.
15:57 of 2nd period - Snap shot by Jeff Skinner.
15:57 of 2nd period - Stopped by Niklas Treutle with a rebound.
16:37 of 2nd period - Slapshot by Nicolas Deslauriers.
16:37 of 2nd period - Stopped by Niklas Treutle without a rebound.
16:38 of 2nd period - Trevor Lewis wins face-off versus Drew Shore in Thunder zone.
17:29 of 2nd period - Snap shot by Daultan Leveillé.
17:29 of 2nd period - Shot Blocked by Patrick Wey.
17:31 of 2nd period - Slapshot by Zach Redmond.
17:31 of 2nd period - Deflect By Scott Parse.
17:31 of 2nd period - Shot Blocked by Matt Halischuk.
17:31 of 2nd period - Puck is out of play.
17:32 of 2nd period - Daultan Leveillé wins face-off versus Melker Karlsson in Sasquatch zone.
17:33 of 2nd period - Snap shot by Scott Parse.
17:33 of 2nd period - Goal by Scott Parse - Thunder : 2 - Sasquatch : 5.
17:34 of 2nd period - Drew Shore wins face-off versus Daultan Leveillé in neutral zone.
17:39 of 2nd period - Wrist shot by Drew Shore.
17:39 of 2nd period - Shot Hit the Post.
17:59 of 2nd period - Joey Ryan is hit by Dougie Hamilton and loses puck.
18:22 of 2nd period - Snap shot by Jamie McGinn.
18:22 of 2nd period - Stopped by Corey Crawford with a rebound.
18:43 of 2nd period - Off-side.
18:44 of 2nd period - Drew Shore wins face-off versus Trevor Lewis in neutral zone.
18:51 of 2nd period - Snap shot by Drew Shore.
18:51 of 2nd period - Shot Misses the Net.
19:09 of 2nd period - Drew Shore is hit by Austin Wuthrich and loses puck.
19:16 of 2nd period - Slapshot by David Wolf.
19:16 of 2nd period - Stopped by Corey Crawford with a rebound.
19:18 of 2nd period - Snap shot by David Wolf.
19:18 of 2nd period - Shot Hit the Post.
19:20 of 2nd period - Slapshot by Adam Clendening.
19:20 of 2nd period - Shot Blocked by Drew Shore.
19:22 of 2nd period - Slapshot by Austin Wuthrich.
19:22 of 2nd period - Stopped by Corey Crawford without a rebound.
19:23 of 2nd period - Daultan Leveillé wins face-off versus Devin Shore in Sasquatch zone.
19:31 of 2nd period - Minor Penalty to Brock Trotter for Interference.
19:32 of 2nd period - Scott Parse wins face-off versus Drew Shore in Sasquatch zone.
Goals for this period are 1 for Thunder vs 2 for Sasquatch.
Shots for this period are 10 for Thunder vs 16 for Sasquatch.
3rd period
0:01 of 3rd period - Daultan Leveillé wins face-off versus Drew Shore in neutral zone.
0:09 of 3rd period - Minor Penalty to Drew Shore for Hooking.
0:10 of 3rd period - Daultan Leveillé wins face-off versus Devin Shore in Sasquatch zone.
0:16 of 3rd period - Wrist shot by Scott Parse.
0:16 of 3rd period - Shot Misses the Net.
0:18 of 3rd period - Slapshot by Zach Redmond.
0:18 of 3rd period - Deflect By Dougie Hamilton.
0:18 of 3rd period - Stopped by Corey Crawford without a rebound.
0:19 of 3rd period - Daultan Leveillé wins face-off versus Devin Shore in Sasquatch zone.
0:20 of 3rd period - Wrist shot by Scott Parse.
0:20 of 3rd period - Stopped by Corey Crawford without a rebound.
0:21 of 3rd period - Devin Shore wins face-off versus Thomas Spelling in Sasquatch zone.
0:26 of 3rd period - Slapshot by Dougie Hamilton.
0:26 of 3rd period - Deflect By Devin Shore.
0:26 of 3rd period - Shot Misses the Net.
0:26 of 3rd period - Puck is out of play.
0:27 of 3rd period - Devin Shore wins face-off versus Daultan Leveillé in Thunder zone.
0:58 of 3rd period - Snap shot by Trevor Lewis.
0:58 of 3rd period - Stopped by Corey Crawford with a rebound.
1:00 of 3rd period - Slapshot by Jared Staal.
1:00 of 3rd period - Stopped by Corey Crawford with a rebound.
1:02 of 3rd period - Wrist shot by Dany Roussin.
1:02 of 3rd period - Deflect By Trevor Lewis.
1:02 of 3rd period - Stopped by Corey Crawford without a rebound.
1:03 of 3rd period - Devin Shore wins face-off versus Daultan Leveillé in Sasquatch zone.
1:14 of 3rd period - Snap shot by Scott Parse.
1:14 of 3rd period - Goal by Scott Parse - Thunder : 3 - Sasquatch : 5.
1:15 of 3rd period - Devin Shore wins face-off versus Thomas Spelling in neutral zone.
2:02 of 3rd period - Snap shot by Nicolas Deslauriers.
2:02 of 3rd period - Stopped by Niklas Treutle without a rebound.
2:03 of 3rd period - Daultan Leveillé wins face-off versus T.J. Tynan in Thunder zone.
2:09 of 3rd period - Penalty to Drew Shore is over, Drew Shore is back on ice.
2:10 of 3rd period - Snap shot by Thomas Spelling.
2:10 of 3rd period - Shot Misses the Net.
2:12 of 3rd period - Wrist shot by Daultan Leveillé.
2:12 of 3rd period - Shot Misses the Net.
2:44 of 3rd period - Snap shot by Drew Shore.
2:44 of 3rd period - Stopped by Niklas Treutle with a rebound.
2:48 of 3rd period - Snap shot by Drew Shore.
2:48 of 3rd period - Stopped by Niklas Treutle without a rebound.
2:49 of 3rd period - Melker Karlsson wins face-off versus Daultan Leveillé in Thunder zone.
3:16 of 3rd period - Peter Andersson is hit by Jeff Skinner and loses puck.
4:03 of 3rd period - Snap shot by Petr Straka.
4:03 of 3rd period - Stopped by Niklas Treutle with a rebound.
4:07 of 3rd period - Slapshot by Brock Trotter.
4:07 of 3rd period - Stopped by Niklas Treutle without a rebound.
4:08 of 3rd period - Drew Shore wins face-off versus Trevor Lewis in Thunder zone.
4:09 of 3rd period - Wrist shot by Jesper Fast.
4:09 of 3rd period - Stopped by Niklas Treutle with a rebound.
4:23 of 3rd period - Slapshot by Zach Redmond.
4:23 of 3rd period - Shot Blocked by Jesper Fast.
4:33 of 3rd period - Drew Shore is hit by Zach Redmond and loses puck.
4:49 of 3rd period - Snap shot by Jesper Fast.
4:49 of 3rd period - Stopped by Niklas Treutle without a rebound.
4:50 of 3rd period - Melker Karlsson wins face-off versus Daultan Leveillé in Thunder zone.
5:05 of 3rd period - Snap shot by Matt Halischuk.
5:05 of 3rd period - Stopped by Niklas Treutle with a rebound.
5:11 of 3rd period - Minor Penalty to Daultan Leveillé for Tripping.
5:12 of 3rd period - Drew Shore wins face-off versus Scott Parse in Thunder zone.
5:39 of 3rd period - Scott Parse is hit by Melker Karlsson and loses puck.
5:48 of 3rd period - Wrist shot by Melker Karlsson.
5:48 of 3rd period - Stopped by Niklas Treutle with a rebound.
6:48 of 3rd period - Zach Redmond is hit by Melker Karlsson and loses puck.
7:11 of 3rd period - Penalty to Daultan Leveillé is over, Daultan Leveillé is back on ice.
7:28 of 3rd period - Minor Penalty to Trevor Lewis for Hooking.
7:29 of 3rd period - Scott Parse wins face-off versus Drew Shore in Thunder zone.
7:34 of 3rd period - Slapshot by Zach Redmond.
7:34 of 3rd period - Deflect By Scott Parse.
7:34 of 3rd period - Goal by Scott Parse - Thunder : 4 - Sasquatch : 5.
7:35 of 3rd period - Scott Parse wins face-off versus Drew Shore in neutral zone.
7:44 of 3rd period - Snap shot by Scott Parse.
7:44 of 3rd period - Stopped by Corey Crawford with a rebound.
7:46 of 3rd period - Backhand shot by Joey Ryan.
7:46 of 3rd period - Deflect By Daultan Leveillé.
7:46 of 3rd period - Shot Blocked by Jeff Skinner.
7:46 of 3rd period - Puck is out of play.
7:47 of 3rd period - Drew Shore wins face-off versus Scott Parse in Sasquatch zone.
8:21 of 3rd period - Slapshot by Slava Voynov.
8:21 of 3rd period - Shot Blocked by Joey Ryan.
8:23 of 3rd period - Slapshot by Slava Voynov.
8:23 of 3rd period - Shot Blocked by Zach Redmond.
8:25 of 3rd period - Snap shot by Martin Marincin.
8:25 of 3rd period - Shot Blocked by Joey Ryan.
8:27 of 3rd period - Slapshot by Martin Marincin.
8:27 of 3rd period - Stopped by Niklas Treutle with a rebound.
8:37 of 3rd period - Zach Redmond is hit by Jeff Skinner and loses puck.
9:28 of 3rd period - Penalty to Trevor Lewis is over, Trevor Lewis is back on ice.
9:41 of 3rd period - Minor Penalty to T.J. Tynan for Interference.
9:42 of 3rd period - Trevor Lewis wins face-off versus Drew Shore in Sasquatch zone.
9:48 of 3rd period - Wrist shot by Trevor Lewis.
9:48 of 3rd period - Stopped by Corey Crawford with a rebound.
9:50 of 3rd period - Snap shot by Jared Staal.
9:50 of 3rd period - Shot Misses the Net.
9:52 of 3rd period - Snap shot by Dany Roussin.
9:52 of 3rd period - Stopped by Corey Crawford with a rebound.
9:54 of 3rd period - Snap shot by Peter Andersson.
9:54 of 3rd period - Stopped by Corey Crawford with a rebound.
10:06 of 3rd period - Dougie Hamilton is hit by Adam Clendening.
11:27 of 3rd period - Wrist shot by Slava Voynov.
11:27 of 3rd period - Shot Misses the Net.
11:29 of 3rd period - Slapshot by Martin Marincin.
11:29 of 3rd period - Shot Blocked by Jared Staal.
11:41 of 3rd period - Penalty to T.J. Tynan is over, T.J. Tynan is back on ice.
11:45 of 3rd period - Wrist shot by Devin Shore.
11:45 of 3rd period - Shot Misses the Net.
11:47 of 3rd period - Slapshot by Slava Voynov.
11:47 of 3rd period - Shot Blocked by Thomas Spelling.
11:54 of 3rd period - Off-side.
11:55 of 3rd period - Joe Labate wins face-off versus Drew Shore in neutral zone.
12:05 of 3rd period - Slapshot by Drew Shore.
12:05 of 3rd period - Deflect By Joe Labate.
12:05 of 3rd period - Stopped by Niklas Treutle with a rebound.
12:19 of 3rd period - Mikko Vainonen is hit by Nicolas Deslauriers and loses puck.
13:18 of 3rd period - David Wolf is hit by Dougie Hamilton and loses puck.
13:37 of 3rd period - Jesper Fast is hit by Jamie McGinn.
14:19 of 3rd period - Trevor Lewis is hit by Martin Marincin and loses puck.
14:28 of 3rd period - Mikko Vainonen is hit by Brock Trotter and loses puck.
14:33 of 3rd period - Snap shot by Brock Trotter.
14:33 of 3rd period - Shot Misses the Net.
14:39 of 3rd period - Snap shot by Trevor Lewis.
14:39 of 3rd period - Shot Blocked by Devin Shore.
14:41 of 3rd period - Wrist shot by Jared Staal.
14:41 of 3rd period - Stopped by Corey Crawford with a rebound.
15:06 of 3rd period - Off-side.
15:07 of 3rd period - Drew Shore wins face-off versus Daultan Leveillé in neutral zone.
15:36 of 3rd period - Icing by Melker Karlsson.
15:37 of 3rd period - Melker Karlsson wins face-off versus Joe Labate in Sasquatch zone.
16:16 of 3rd period - Wrist shot by Matt Halischuk.
16:16 of 3rd period - Stopped by Niklas Treutle without a rebound.
16:17 of 3rd period - Jeff Skinner wins face-off versus Daultan Leveillé in Thunder zone.
16:22 of 3rd period - Snap shot by Drew Shore.
16:22 of 3rd period - Shot Misses the Net.
16:24 of 3rd period - Slapshot by Patrick Wey.
16:24 of 3rd period - Shot Blocked by Zach Redmond.
16:26 of 3rd period - Slapshot by Drew Shore.
16:26 of 3rd period - Stopped by Niklas Treutle with a rebound.
16:28 of 3rd period - Wrist shot by Jeff Skinner.
16:28 of 3rd period - Goal by Jeff Skinner - Thunder : 4 - Sasquatch : 6.
16:29 of 3rd period - Daultan Leveillé wins face-off versus Devin Shore in neutral zone.
16:54 of 3rd period - Zach Redmond is hit by Dougie Hamilton and loses puck.
16:59 of 3rd period - Snap shot by Jesper Fast.
16:59 of 3rd period - Deflect By Jeff Skinner.
16:59 of 3rd period - Shot Misses the Net.
16:59 of 3rd period - Puck is out of play.
17:00 of 3rd period - Daultan Leveillé wins face-off versus Drew Shore in Thunder zone.
17:11 of 3rd period - Snap shot by Daultan Leveillé.
17:11 of 3rd period - Stopped by Corey Crawford without a rebound.
17:12 of 3rd period - Devin Shore wins face-off versus Zach Stepan in Sasquatch zone.
17:12 of 3rd period - Devin Shore is hit by Jamie McGinn.
17:51 of 3rd period - Snap shot by Jeff Skinner.
17:51 of 3rd period - Deflect By Drew Shore.
17:51 of 3rd period - Shot Misses the Net.
17:51 of 3rd period - Puck is out of play.
17:52 of 3rd period - T.J. Tynan wins face-off versus Zach Stepan in Thunder zone.
17:53 of 3rd period - Slapshot by Slava Voynov.
17:53 of 3rd period - Shot Blocked by Zach Stepan.
17:55 of 3rd period - Slapshot by Martin Marincin.
17:55 of 3rd period - Stopped by Niklas Treutle without a rebound.
17:56 of 3rd period - T.J. Tynan wins face-off versus Zach Stepan in Thunder zone.
17:59 of 3rd period - Snap shot by T.J. Tynan.
17:59 of 3rd period - Shot Misses the Net.
18:01 of 3rd period - Wrist shot by Nicolas Deslauriers.
18:01 of 3rd period - Stopped by Niklas Treutle without a rebound.
18:02 of 3rd period - Zach Stepan wins face-off versus T.J. Tynan in Thunder zone.
18:13 of 3rd period - Snap shot by Nicolas Deslauriers.
18:13 of 3rd period - Stopped by Niklas Treutle with a rebound.
18:15 of 3rd period - Snap shot by T.J. Tynan.
18:15 of 3rd period - Stopped by Niklas Treutle with a rebound.
18:43 of 3rd period - Snap shot by Scott Parse.
18:43 of 3rd period - Deflect By Slava Voynov.
18:43 of 3rd period - Stopped by Corey Crawford with a rebound.
18:51 of 3rd period - Wrist shot by Jamie McGinn.
18:51 of 3rd period - Shot Blocked by T.J. Tynan.
18:59 of 3rd period - Snap shot by T.J. Tynan.
18:59 of 3rd period - Goal by T.J. Tynan - Thunder : 4 - Sasquatch : 7.
19:00 of 3rd period - Drew Shore wins face-off versus Trevor Lewis in neutral zone.
19:06 of 3rd period - Off-side.
19:07 of 3rd period - Trevor Lewis wins face-off versus Drew Shore in neutral zone.
19:10 of 3rd period - Backhand shot by Joey Ryan.
19:10 of 3rd period - Shot Blocked by Patrick Wey.
19:12 of 3rd period - Snap shot by Trevor Lewis.
19:12 of 3rd period - Deflect By Jared Staal.
19:12 of 3rd period - Shot Blocked by Dougie Hamilton.
19:12 of 3rd period - Puck is out of play.
19:13 of 3rd period - Drew Shore wins face-off versus Daultan Leveillé in Sasquatch zone.
19:43 of 3rd period - Wrist shot by Trevor Lewis.
19:43 of 3rd period - Shot Misses the Net.
Goals for this period are 2 for Thunder vs 2 for Sasquatch.
Shots for this period are 14 for Thunder vs 19 for Sasquatch.
Back to the Top